Map: Fields of Death

Players

IlIlIlIlIlIl

  • Race: Terran Terran
  • League: Platinum

condead

  • Race: Protoss Protoss
  • League: Gold

JohnMcClane - Winner!

  • Race: Protoss Protoss
  • League: Gold

Hindulaatti - Winner!

  • Race: Terran Terran
  • League: Diamond

VOD

Have the link to the VOD?

Description

Time

  • Played on: Feb. 8, 2016, 3:52 p.m.
  • Length: 12:53
Show
View Real Time Build Order
Export as new Build Order

IlIlIlIlIlIl Terran 

Build Orders: Reaper Expand 

Get SALT Encoding   

  12  0:01  SCV  
  13  0:14  SCV  
  14  0:20  Supply Depot  
  14  0:26  SCV  
  15  0:30  Refinery  
  15  0:41  SCV  
  16  0:46  Barracks  
  16  0:53  SCV  
  17  1:05  SCV  
  18  1:17  SCV  
  19  1:35  Command Center  
  19  1:39  Reaper  
  20  1:43  SCV  
  21  1:56  Orbital Command  
  21  2:08  Factory  
  21  2:18  Supply Depot, Barracks Reactor  
  21  2:23  SCV  
  22  2:35  SCV  
  23  3:12  SCV  
  24  3:14  Orbital Command  
  24  3:17  Factory Tech Lab  
  23  3:20  Barracks  
  23  3:21  Marine x2  
  23  3:24  Barracks  
  23  3:25  Barracks  
  25  3:28  SCV  
  25  3:33  Engineering Bay  
  26  3:39  Marine x2  
  26  3:40  SCV  
  26  3:41  Siege Tank  
  32  3:43  SCV  
  29  3:52  SCV  
  29  3:55  SCV  
  29  3:58  Marine  
  28  4:06  Marine, SCV  
  30  4:15  Missile Turret  
  27  4:25  Marine x3, SCV x2  
  27  4:26  Marine  
  33  4:37  SCV x2  
  33  4:38  Marine  
  35  4:43  Marine x2  
  35  4:44  Supply Depot  
  38  4:47  Marine x2  
  38  4:49  SCV  
  40  5:23  Siege Tank  
  43  5:35  Marine x5  
  48  5:53  Marine  
  48  5:55  Siege Tank  
  48  5:56  Marine x2  
  46  6:09  Marine x2  
  46  6:10  Marine  
  42  6:12  Barracks  
  42  6:14  Marine x2  
  42  6:15  SCV x2  
  46  6:27  Marine, SCV  
  46  6:32  Command Center  
  35  7:09  Marine x5  
  39  7:22  Command Center  
  34  7:27  Marine x5  
  39  7:31  Siege Tank  
  39  7:44  Marine x2  
  39  7:45  Marine x3  
  39  7:48  Orbital Command  
  39  7:50  Barracks  
  43  7:53  Barracks Tech Lab  
  43  8:02  Marine x3  
  43  8:03  Marine x2  
  48  8:07  SCV x2  
  50  8:19  SCV  
  51  8:20  Marine x2  
  51  8:23  Marine x2  
  51  8:24  Marine x2  
  52  8:29  SCV  
  52  8:32  SCV  
  53  8:38  Marine x2  
  53  8:41  Marine x4  
  55  8:46  Barracks Tech Lab  
  59  8:56  Marine x2  
  59  8:59  Marine x3  
  59  9:01  Siege Tank  
  68  9:08  Combat Shields  
  68  9:11  Marine  
  68  9:13  Marine  
  68  9:14  Marine  
  68  9:16  Barracks Reactor  
  70  9:17  Marine  
  70  9:18  Barracks Reactor  
  70  9:20  Barracks Tech Lab  
  70  9:22  Stimpack  
  71  9:29  Marine  
  71  9:30  SCV  
  73  9:31  Marine x2  
  73  9:35  Refinery, Marine  
  76  9:47  Refinery x2, Marine, SCV x3  
  76  9:49  Orbital Command, Marine x2  
  82  9:53  Marine  
  82  9:56  Terran Infantry Weapons Level 1  
  82  9:59  SCV  
  84  10:13  Refinery  
  84  10:14  Refinery  
  84  10:24  Missile Turret  
  84  10:28  Missile Turret  
  84  10:44  Supply Depot  
  84  10:48  Supply Depot  
  84  10:50  SCV  
  84  10:52  SCV  
  84  10:53  Marine  
  84  11:06  Missile Turret, Marine x7, SCV  
  84  11:09  Marine, SCV x3, Siege Tank  
  100  11:12  Supply Depot  
  100  11:15  Supply Depot  
  100  11:18  SCV  
  95  11:21  SCV x3  
  95  11:23  Marine x7  
  99  11:27  Marine  
  99  11:30  SCV  
  101  11:33  SCV x2  
  102  11:41  Marine x7  
  102  11:42  SCV  
  102  11:44  Marine  
  106  11:54  Siege Tank  
  106  11:56  Starport  
  106  11:58  Starport  
  106  11:59  Marine  
  110  12:01  SCV  
  110  12:07  SCV x2  
  113  12:13  SCV  
  114  12:19  SCV  
  115  12:23  Armory  
Show
View Real Time Build Order
Export as new Build Order

condead Protoss 

Build Orders:  

Get SALT Encoding   

  12  0:01  Probe (Chrono Boost)  
  13  0:12  Probe (Chrono Boost)  
  14  0:22  Pylon, Probe (Chrono Boost)  
  15  0:36  Assimilator  
  15  0:41  Probe (Chrono Boost)  
  16  0:43  Gateway  
  16  0:51  Probe (Chrono Boost)  
  17  1:02  Probe (Chrono Boost)  
  18  1:08  Assimilator  
  18  1:12  Probe (Chrono Boost)  
  19  1:23  Probe (Chrono Boost)  
  20  1:33  Probe (Chrono Boost)  
  21  1:41  Cybernetics Core  
  21  1:44  Probe (Chrono Boost)  
  22  1:54  Probe (Chrono Boost)  
  23  2:06  Pylon  
  23  2:09  Forge  
  23  2:15  Pylon  
  23  2:22  Warp Gate (Chrono Boost)  
  23  2:23  Stalker  
  23  2:25  Mothership Core (Chrono Boost)  
  27  2:31  Gateway  
  27  2:32  Gateway  
  27  2:43  Gateway  
  27  2:50  Protoss Ground Weapons Level 1 (Chrono Boost)  
  27  2:56  Stalker  
  29  3:13  Twilight Council  
  29  3:15  Pylon  
  29  3:22  Stalker  
  31  3:31  Stalker  
  33  3:42  Stalker  
  33  3:48  Pylon  
  35  3:59  Stalker  
  37  4:07  Blink (Chrono Boost)  
  37  4:33  Stalker  
  37  4:34  Stalker  
  41  4:39  Stalker  
  41  4:40  Stalker  
  45  4:58  Stalker x2  
  43  5:41  Stalker  
  43  5:42  Stalker x2  
  43  6:40  Stalker  
  43  6:41  Stalker x3  
  41  7:16  Stalker  
  41  7:17  Stalker x3  
  31  8:01  Stalker x2  
  31  8:02  Stalker x2  
  25  8:34  Nexus  
  25  8:37  Nexus  
  25  8:48  Pylon  
  25  8:51  Pylon  
  25  9:12  Probe  
  26  9:24  Probe  
  27  9:32  Stargate  
  27  9:34  Stargate  
  27  9:36  Probe  
  27  9:37  Protoss Shields Level 1 (Chrono Boost)  
  28  9:40  Pylon  
  28  9:45  Assimilator  
  28  9:46  Probe  
  28  9:47  Probe  
  28  9:48  Probe  
  28  9:50  Assimilator  
  28  9:52  Assimilator  
  31  9:57  Probe  
  31  9:58  Probe  
  33  10:00  Probe  
  33  10:01  Assimilator  
  34  10:07  Probe  
  34  10:08  Protoss Air Weapons Level 1, Probe  
  34  10:12  Probe  
  37  10:18  Probe  
  37  10:19  Probe  
  39  10:25  Probe  
  40  10:29  Probe x2  
  42  10:37  Probe  
  42  10:39  Probe  
  42  10:40  Probe  
  45  10:49  Probe  
  46  10:50  Probe x2  
  46  10:51  Pylon  
  48  11:00  Probe  
  48  11:01  Probe x2  
  48  11:02  Photon Cannon  
  51  11:05  Photon Cannon  
  51  11:11  Probe  
  51  11:13  Probe  
  53  11:22  Stargate  
  53  11:23  Stargate, Pylon  
  53  11:34  Void Ray (Chrono Boost)  
  53  11:37  Void Ray (Chrono Boost)  
  65  12:19  Nexus  
  69  12:24  Assimilator  
  69  12:27  Assimilator  
  69  12:31  Pylon  
Show
View Real Time Build Order
Export as new Build Order

JohnMcClane Protoss - Winner!

Build Orders: Oracle Opening 

Get SALT Encoding   

  12  0:02  Probe (Chrono Boost)  
  13  0:12  Probe (Chrono Boost)  
  14  0:23  Pylon, Probe (Chrono Boost)  
  15  0:41  Probe (Chrono Boost)  
  15  0:42  Gateway  
  16  0:51  Assimilator, Probe (Chrono Boost)  
  17  1:02  Probe (Chrono Boost)  
  18  1:11  Assimilator  
  18  1:12  Probe (Chrono Boost)  
  19  1:23  Probe (Chrono Boost)  
  20  1:34  Probe (Chrono Boost)  
  20  1:35  Cybernetics Core  
  21  1:46  Pylon, Probe (Chrono Boost)  
  22  2:10  Nexus  
  22  2:15  Stargate  
  22  2:24  Probe (Chrono Boost)  
  23  2:40  Pylon  
  25  2:44  Mothership Core (Chrono Boost)  
  25  2:46  Warp Gate (Chrono Boost)  
  25  2:57  Forge  
  25  2:59  Oracle (Chrono Boost)  
  28  3:22  Assimilator, Probe  
  29  3:27  Oracle  
  29  3:28  Probe  
  33  3:34  Probe  
  33  3:40  Probe, Photon Cannon  
  35  3:47  Probe  
  36  4:08  Probe x2  
  38  4:20  Probe x2  
  40  4:30  Pylon  
  40  4:32  Pylon  
  40  4:34  Assimilator  
  40  4:39  Protoss Ground Armor Level 1  
  40  4:45  Gateway  
  40  4:49  Gateway  
  40  4:50  Pylon  
  40  5:15  Gateway  
  40  5:17  Gateway  
  40  5:19  Gateway  
  40  5:34  Stalker  
  34  5:40  Pylon  
  34  5:47  Stalker x2  
  38  5:56  Void Ray  
  42  6:07  Stalker  
  38  6:13  Stalker x2  
  42  6:21  Probe  
  37  6:31  Stalker  
  37  6:32  Stalker x3  
  44  6:33  Mothership Core  
  46  6:50  Stalker x2  
  46  6:51  Probe  
  35  6:55  Probe  
  34  7:03  Probe  
  34  7:07  Probe  
  32  7:15  Probe  
  32  7:17  Stalker  
  32  7:19  Probe  
  36  7:27  Probe  
  31  7:30  Stalker  
  27  7:44  Stalker  
  27  7:46  Zealot  
  27  7:58  Probe (Chrono Boost)  
  24  7:59  Probe (Chrono Boost)  
  25  8:09  Probe (Chrono Boost)  
  25  8:10  Probe (Chrono Boost)  
  27  8:19  Stalker x2  
  31  8:31  Probe x2 (Chrono Boost)  
  33  8:41  Probe (Chrono Boost)  
  33  8:44  Protoss Ground Weapons Level 1 (Chrono Boost)  
  33  8:45  Twilight Council  
  33  8:48  Probe  
  34  8:53  Sentry x4  
  43  9:05  Probe  
  44  9:11  Oracle (Chrono Boost)  
  47  9:21  Stalker  
  47  9:22  Stalker x3  
  55  9:28  Blink (Chrono Boost)  
  55  9:35  Probe  
  56  9:45  Stalker x2  
  60  9:58  Probe  
  61  10:06  Stalker x3  
  67  10:32  Stalker x4  
  75  10:42  Pylon  
  75  10:44  Pylon  
  72  11:00  Stalker x2  
  72  11:01  Stalker x3  
  82  11:36  Stalker x3  
  82  11:37  Stalker x2  
  92  11:55  Templar Archives  
  92  12:18  Stalker x3  
  92  12:19  Stalker x2  
  102  12:30  Pylon  
  102  12:33  Pylon  
Show
View Real Time Build Order
Export as new Build Order

Hindulaatti Terran - Winner!

Build Orders: MMM Bio 

Get SALT Encoding   

  12  0:01  SCV  
  13  0:13  SCV  
  14  0:23  Supply Depot  
  14  0:26  SCV  
  15  0:44  SCV  
  15  0:48  Barracks  
  16  0:56  SCV  
  17  1:09  SCV  
  18  1:16  Command Center  
  18  1:21  SCV  
  19  1:32  Refinery  
  19  1:35  Supply Depot, Marine  
  20  1:44  Orbital Command  
  20  1:54  Marine  
  21  2:03  Supply Depot  
  21  2:10  Refinery, SCV  
  21  2:13  Marine  
  23  2:31  SCV  
  23  2:33  Orbital Command  
  24  2:39  Marine  
  24  2:53  Factory  
  24  2:54  SCV  
  24  2:56  Marine  
  26  3:04  SCV  
  27  3:06  SCV  
  27  3:09  Supply Depot  
  28  3:14  Marine  
  28  3:16  SCV  
  28  3:18  SCV, Barracks  
  31  3:28  SCV  
  31  3:30  SCV  
  31  3:32  Engineering Bay  
  33  3:35  Barracks Reactor  
  33  3:39  Starport, Factory Reactor  
  33  3:40  SCV  
  34  3:44  Supply Depot  
  34  3:45  SCV  
  35  3:52  SCV  
  35  3:55  Barracks  
  36  4:08  SCV x2  
  38  4:12  Terran Infantry Weapons Level 1  
  38  4:15  Refinery  
  38  4:17  Refinery, Barracks Reactor  
  38  4:18  Barracks Tech Lab  
  38  4:20  Widow Mine, Starport Reactor  
  40  4:28  SCV  
  40  4:29  SCV  
  42  4:33  Marine x2  
  42  4:34  Widow Mine  
  46  4:43  Supply Depot  
  46  4:44  Supply Depot  
  46  4:45  Stimpack  
  46  4:48  Barracks Reactor  
  46  4:51  Marine  
  47  4:56  Marine x2  
  49  5:10  Marauder  
  51  5:14  Marine x2  
  51  5:19  Widow Mine x2  
  51  5:20  Medivac x2  
  59  5:31  Marine  
  59  5:36  Liberator x2, Marine  
  59  5:37  Marine  
  55  5:48  Barracks  
  55  5:49  Marauder  
  56  5:53  Widow Mine  
  56  5:54  Widow Mine  
  56  6:04  Marine x2  
  56  6:10  Marauder  
  58  6:16  SCV x2  
  58  6:22  Widow Mine, Marine  
  61  6:29  Widow Mine  
  61  6:32  Marauder  
  57  6:37  Medivac x2  
  56  6:45  Combat Shields  
  50  6:53  Marauder, Marine x2  
  40  7:04  Liberator x2  
  40  7:05  SCV  
  40  7:06  SCV  
  39  7:10  Marine  
  39  7:11  Marine  
  39  7:15  Marauder  
  41  7:18  SCV x2  
  39  7:28  Marine x2  
  38  7:30  SCV x2  
  38  7:36  Marauder  
  39  7:42  SCV  
  37  7:46  Marine x2  
  37  7:50  Widow Mine  
  41  7:53  SCV  
  41  7:54  Liberator  
  41  7:57  Marauder  
  43  8:04  Marine x2, SCV  
  43  8:05  SCV  
  47  8:09  Liberator  
  50  8:19  Marauder  
  48  8:22  Marine  
  48  8:31  Widow Mine x2  
  48  8:32  Marine  
  48  8:33  Barracks Reactor  
  53  8:38  SCV  
  53  8:39  SCV  
  55  8:44  Terran Infantry Armor Level 1  
  55  8:50  Supply Depot  
  55  8:59  Marauder, Marine x2  
  59  9:03  Medivac  
  61  9:16  Marine x3, SCV x2  
  61  9:17  Marine  
  66  9:20  Marine  
  66  9:23  Widow Mine  
  70  9:28  Supply Depot, Widow Mine  
  70  9:29  SCV  
  73  9:32  Supply Depot  
  73  9:34  Marine  
  75  9:38  Marauder  
  75  9:42  Marine x3  
  78  9:50  SCV x2  
  78  9:52  Supply Depot  
  80  9:57  Supply Depot  
  82  10:00  Marauder  
  82  10:11  Armory  
  82  10:16  Liberator  
  82  10:17  Liberator  
  82  10:18  Marine x3  
  82  10:19  Marine  
  88  10:21  Marauder, Concussive Shells  
  94  10:48  SCV x2  
  96  10:56  Marauder, Marine x3  
  101  11:16  Medivac  
  101  11:17  Medivac  
  105  11:30  SCV x2  
  105  11:31  Marauder, Marine  
  110  11:37  Supply Depot  
  110  11:38  Supply Depot  
  110  11:39  Supply Depot, Widow Mine  
  110  11:40  Marine x2  
  110  11:41  Marine  
  110  11:42  SCV  
  110  11:46  Medivac  
  100  11:47  Medivac  
  100  11:48  Marine  
  100  11:51  Widow Mine  
  100  11:52  Marauder  
  107  11:57  Supply Depot  
  107  11:58  Supply Depot, Marine x2  
  107  11:59  Marine  
  110  12:06  Marine  
  111  12:13  Marine  
  104  12:50  Command Center  
Tags
 
Add a new tag
Caveats
  • Supply blocks, unpowered buildings, or Contaminate may cause inaccurate times.
  • Supply counts are checked every 10 seconds.